 Dungeon Crawl Stone Soup version 0.27.0-1-g7a089689b8 (webtiles) character file.

Game seed: 7630606813803723896

140163 Lochraine the Tortoise (level 16, -17/116 HPs)
             Began as a Demonspawn Fighter on Aug 8, 2021.
             Was the Champion of Hepliaklqana.
             Killed from afar by Nikola (60 damage)
             ... with an arc of chain lightning
             ... on level 1 of the Spider Nest.
             The game lasted 01:03:12 (24458 turns).

Lochraine the Tortoise (Demonspawn Fighter)        Turns: 24458, Time: 01:03:12

Health: -17/116    AC: 32    Str: 23    XL:     16   Next: 75%
Magic:  24/24      EV: 12    Int:  9    God:    Hepliaklqana [******]
Gold:   2529       SH:  0    Dex: 16    Spells: 15/15 levels left

rFire    . . .     SeeInvis .   q - +5 trident (drain)
rCold    . . .     Faith    .   c - +0 kite shield
rNeg     . . .     Spirit   .   v - +1 plate armour "Qiozaris" {rElec Will+ Dex+2 Slay+2}
rPois    +         Reflect  .   a - +1 hat {Stlth+}
rElec    +         Harm     .   l - scarf {+Inv}
rCorr    .         Rampage  .   k - +1 pair of gloves
Will     ++...                  O - +2 pair of boots {Fly}
Stlth    ..........             (no amulet)
HPRegen  0.29/turn              N - ring of poison resistance
MPRegen  0.19/turn              G - +4 ring of evasion

@: confused, flying, studying Necromancy
A: reduced essence, talons 2, foul stench 1, icemail 1, sharp scales 3,
condensation shield
a: Renounce Religion, Evoke Invisibility, Recall Ancestor, Ancestor Identity,
Transference, Idealise


You were on level 1 of the Spider Nest.
You worshipped Hepliaklqana.
Hepliaklqana was exalted by your worship.
You visited 4 branches of the dungeon, and saw 23 of its levels.
You also visited: Bailey and Ice Cave.

You collected 2529 gold pieces.

Inventory:

Hand Weapons
 b - a +1 vampiric halberd {!w}
   (You took it off an orc warrior on level 2 of the Orcish Mines)
 q - a +5 trident of draining (weapon)
   (You took it off a gnoll sergeant on level 6 of the Dungeon)
 t - a +2 bardiche of freezing
   (You took it off an orc knight on level 2 of the Orcish Mines)
 F - the +7 lajatang of Order {silver, rMut}
   (You found it on level 6 of the Lair of Beasts)

   It inflicts extra damage upon those it strikes, and deals substantially
   increased damage to chaotic, mutated and magically transformed beings.
   rMut:      It protects you from mutation.
Missiles
 w - 2 throwing nets (quivered) {!f}
Armour
 a - a +1 hat of stealth (worn)
   (You found it on level 11 of the Dungeon)
 c - a +0 kite shield (worn)
 k - a +1 pair of gloves (worn)
   (You found it on level 2 of the Dungeon)
 l - a scarf of invisibility (worn)
   (You found it on level 15 of the Dungeon)
 m - a +0 cloak
   (You found it on level 5 of the Dungeon)
 n - the +2 robe of Hiylubb {Fly Str+5 Dex-5 SInv}
   (You found it on level 5 of the Dungeon)

   Str:       It affects your strength (+5).
   Dex:       It affects your dexterity (-5).
   SInv:      It lets you see invisible.
   Fly:       It grants you flight.
 v - the +1 plate armour "Qiozaris" (worn) {rElec Will+ Dex+2 Slay+2}
   (You found it on level 6 of the Dungeon)

   Dex:       It affects your dexterity (+2).
   Slay:      It affects your accuracy & damage with ranged weapons and melee
   (+2).
   rElec:     It insulates you from electricity.
   Will:      It increases your willpower.
 O - a +2 pair of boots of flying (worn)
   (You found it in an ice cave)
 W - the +1 robe "Uhywe" {rF+ rC+ Dex+4}
   (You found it on level 3 of the Lair of Beasts)

   Dex:       It affects your dexterity (+4).
   rF:        It protects you from fire.
   rC:        It protects you from cold.
Jewellery
 z - a +6 ring of strength
   (You found it on level 2 of the Dungeon)
 G - a +4 ring of evasion (right hand)
   (You found it on level 8 of the Dungeon)
 H - a ring of protection from cold
   (You found it on level 9 of the Dungeon)
 K - a ring of protection from fire
   (You found it on level 9 of the Dungeon)
 L - a +6 ring of dexterity
   (You found it on level 15 of the Dungeon)
 N - a ring of poison resistance (left hand)
   (You found it on level 13 of the Dungeon)
 P - a ring of positive energy
   (You found it on level 13 of the Dungeon)
 Z - a ring of resist corrosion
   (You found it on level 14 of the Dungeon)
Wands
 d - a wand of iceblast (42)
   (You found it on level 7 of the Dungeon)
 u - a wand of paralysis (8)
   (You found it on level 2 of the Lair of Beasts)
 A - a wand of charming (17)
   (You found it on level 7 of the Dungeon)
 X - a wand of polymorph (13)
   (You found it on level 3 of the Lair of Beasts)
Scrolls
 f - 7 scrolls of identify {@r1}
 g - 15 scrolls of teleportation {@r4}
 h - 2 scrolls of magic mapping
 j - 4 scrolls of blinking
 o - 2 scrolls of enchant armour
 p - a scroll of immolation {!r}
 r - 2 scrolls of brand weapon
 s - 5 scrolls of amnesia
 x - 5 scrolls of enchant weapon
 y - 3 scrolls of fear
 J - a scroll of silence
 T - 4 scrolls of fog
 V - 3 scrolls of vulnerability {!r}
Potions
 e - 2 potions of haste {@q3}
 i - 2 potions of berserk rage
 B - 4 potions of invisibility
 C - a potion of resistance
 D - 2 potions of magic
 E - 4 potions of heal wounds {@q2}
 I - 3 potions of mutation {!q}
 M - 4 potions of brilliance
 Q - 4 potions of curing {@q1}
 R - a potion of cancellation
 S - 7 potions of lignification {!q}
 U - 2 potions of might
 Y - a potion of ambrosia


   Skills:
 + Level 12.7 Fighting
 - Level 5.8(11.1) Axes
 + Level 14.3(14.7) Polearms
 * Level 15.3 Armour
 - Level 2.9 Dodging
 - Level 11.0 Shields
 + Level 10.8 Invocations


You had 15 spell levels left.
You didn't know any spells.
Your spell library contained the following spells:

 Spells                   Type           Power      Damage    Failure   Level
 Animate Skeleton         Necr           0%         N/A       99%         1
 Apportation              Tloc           0%         N/A       99%         1
 Corona                   Hex            0%         N/A       99%         1
 Summon Small Mammal      Summ           0%         N/A       99%         1
 Call Canine Familiar     Summ           0%         N/A       100%        3
 Gell's Gravitas          Tloc           0%         N/A       100%        3
 Summon Guardian Golem    Hex/Summ       0%         N/A       100%        3
 Teleport Other           Tloc           0%         N/A       100%        3
 Hailstorm                Conj/Ice       0%         3d3       100%        4
 Ice Form                 Ice/Tmut       0%         N/A       100%        4
 Leda's Liquefaction      Hex/Erth       0%         N/A       100%        4
 Olgreb's Toxic Radiance  Pois           0%         N/A       100%        4
 Blade Hands              Tmut           0%         N/A       100%        5
 Bolt of Magma            Conj/Fire/Erth 0%         4d4       100%        5
 Irradiate                Conj/Tmut      0%         3d13      100%        5
 Summon Forest            Summ/Tloc      0%         N/A       100%        5
 Summon Mana Viper        Hex/Summ       0%         N/A       100%        5
 Dispersal                Tloc           0%         N/A       100%        6
 Shadow Creatures         Summ           N/A        N/A       100%        6
 Simulacrum               Ice/Necr       0%         N/A       100%        6
 Statue Form              Tmut/Erth      0%         N/A       100%        6
 Dragon Form              Tmut           0%         N/A       100%        7
 Ozocubu's Refrigeration  Ice            0%         4d5       100%        7
 Disjunction              Tloc           0%         N/A       100%        8
 Ignition                 Fire           0%         3d3       100%        8
 Chain Lightning          Conj/Air       0%         N/A       100%        9
 Fire Storm               Conj/Fire      0%         5d1       100%        9


Dungeon Overview and Level Annotations

Branches:
Dungeon (15/15)              Lair (6/6) D:10         Shoals (0/4) Lair:3
 Spider (1/4) Lair:2        Slime (0/5) Lair:5          Orc (2/2) D:11
    Elf (0/3) Orc:2        Vaults (0/5) D:13         Depths (0/5) D:15
 Bailey (visited)           IceCv (visited)
 Temple: D:4-7

Altars:
Cheibriados
Dithmenos
Elyvilon
Fedhas
Gozag
Hepliaklqana
Kikubaaqudgha
Makhleb
Okawaru
Qazlal
Ru
Sif Muna
Trog
Yredelemnul
The Shining One
Beogh
Jiyva
Lugonu

Shops:
D:3 !   D:14 [   Orc:2 (::(

Portals:
Abyss: Lair:6
Trove: D:12 (give +7 demon trident)

Annotations:
D:11 5 runed translucent doors
D:15 3 runed translucent doors, MuffinSoup's ghost, journeyman OpWz
Spider:1 Nikola


Innate Abilities, Weirdness & Mutations

Your life essence is reduced to manifest your ancestor. (-10% HP)
You have razor-sharp toenails.
You may rarely emit foul miasma when damaged in melee.
A meltable icy envelope protects you from harm. (AC +4)
You are completely covered in razor-sharp scales. (AC +3, Slay +3)
A meltable shield of frost defends you. (SH +4)


Message History

You puncture the redback!
You kill the redback!
You block the tarantella's attack. The tarantella bites you!
You are confused.
You are too confused!
You bump into the rock wall.
A redback comes into view.
The tarantella bites you but does no damage. x2
The tarantella bites you but does no damage. x2
Nikola casts a spell.
Nikola blinks!
A redback comes into view.
The tarantella bites you but does no damage.
The tarantella barely misses you.
An orb spider comes into view.
The orb spider hisses angrily.
A redback comes into view.
A wolf spider comes into view.
There is a stone staircase leading down here.
A redback comes into view.
The redback misses you.
The tarantella bites you but does no damage.
Nikola casts a spell.
Lightning arcs from Nikola's hands!
The bolt of lightning hits the tarantella!!!
The tarantella dies!
A bolt of lightning appears from out of thin air!
The bolt of lightning hits the redback!!!
The redback dies!
The bolt of lightning hits Nikola.
Nikola resists.
The bolt of lightning hits the redback!!!
The redback dies!
The bolt of lightning hits you!! You resist.
* * * LOW HITPOINT WARNING * * *
The bolt of lightning hits the tarantella!!!
The tarantella dies!
The bolt of lightning hits the redback!!
A bolt of lightning appears from out of thin air!
The bolt of lightning hits the redback!!
The redback dies!
The bolt of lightning hits the orb spider!!
You hear an angry hiss. x2; You hear an angry buzzing noise.
You hear an angry hiss. x4; You hear a hideous shriek! x2
You hear an angry hiss.
You bump into the rock wall.
Nikola mumbles some strange words.
Lightning arcs from Nikola's hands!
The bolt of lightning hits you!!! You resist.
Ouch! That really hurt!
You die...

.## ## ^## ...#.######..##.
. .. ........#....# .#. #.
##.# ..........#.####...#.
..#.###..#.#.#..#...^#.#.
#.(.#.#..#.#.#..##..# ..
..##.....†#...#.....##.#
..#....###..###†#......##..#
..#.†###...#.##>@###.††....#
..###...#.#....##.##†#
.##...#..^.#(s...@†s##†.#
..#..#........#..#.†..#
.^..#.#.##..[.#...#.....#
.#.#..##...#..#..#...#.....
#...#.....##.##^.##...###..
...##.#.#.#.####..#..## .
.#.# .(#...# ##.#.#.#


You could see Nikola (drained), an orb spider and a redback.

Vanquished Creatures
  A fire giant (D:15)
  A ghost moth (shapeshifter) (Lair:6)
  An orc warlord (Bailey)
  An emperor scorpion (D:15)
  An entropy weaver (Spider:1)
  2 vault guards (D:13)
  8 boulder beetles
  7 hydras
  A catoblepas (D:13)
  3 centaur warriors
  An anaconda (shapeshifter) (D:15)
  2 two-headed ogres
  3 thrashing horrors (Lair:6)
  2 tengu warriors
  An orc high priest (Orc:2)
  5 death yaks (Lair:5)
  Urug (D:10)
  3 skeletal warriors (D:13)
  5 orc knights
  A deep elf pyromancer (D:12)
  A harpy (shapeshifter) (Lair:6)
  2 orb spiders (Spider:1)
  2 orc sorcerers
  4 wolf spiders
  23 ugly things
  3 manticores (D:15)
  13 elephants
  An ice statue (IceCv)
  4 cyclopes
  A moth of wrath (Spider:1)
  4 black mambas
  17 cane toads
  An unseen horror (D:13)
  2 rime drakes
  2 yaktaurs
  11 komodo dragons
  A yaktaur (shapeshifter) (D:15)
  A tengu conjurer (D:15)
  A freezing wraith (D:14)
  An ancient zyme (Lair:6)
  3 polar bears
  6 trolls
  2 hornets
  2 meliai (D:14)
  4 jumping spiders
  A wolf spider simulacrum (D:14)
  31 blink frogs
  4 redbacks
  A water elemental (D:15)
  3 wyverns
  3 tarantellas (Spider:1)
  2 shadows
  2 vampires
  10 basilisks
  44 yaks
  A human (D:13)
  2 wraiths
  Grum (D:10)
  A steam dragon (D:7)
  6 vampire mosquitoes
  A death yak simulacrum (IceCv)
  A warg (Orc:2)
  4 small abominations (Lair:6)
  Menkaure (D:6)
  An acid dragon (D:10)
  11 water moccasins
  27 orc warriors
  An ice beast (D:6)
  3 black bears
  3 necrophages
  9 centaurs
  16 wolves
  8 ogres
  4 kobold brigands
  11 bullfrogs
  3 gnoll sergeants
  An elephant simulacrum (IceCv)
  7 killer bees
  6 wights
  A howler monkey (D:5)
  3 centaur zombies
  A bullfrog zombie (D:3)
  5 orc priests
  A bullfrog skeleton (D:2)
  2 gnoll shamans (D:6)
  A jelly (D:7)
  2 hounds
  2 iguanas
  2 orc wizards
  6 hell rats (Lair:6)
  2 troll simulacra (D:11)
  A polar bear simulacrum (IceCv)
  A spriggan simulacrum (D:11)
  15 gnolls
  4 adders
  2 naga simulacra (D:11)
  2 shadow imps
  2 white imps
  A dart slug (D:2)
  22 orcs
  5 endoplasms
  2 giant cockroaches
  13 goblins
  7 hobgoblins
  5 ball pythons
  3 bats
  23 kobolds
  2 rats
530 creatures vanquished.

Vanquished Creatures (collateral kills)
  An entropy weaver (Spider:1)
  A hydra (D:14)
  2 vault guards (D:13)
  A boulder beetle (D:15)
  A catoblepas (Lair:6)
  An ogre mage (D:13)
  2 centaur warriors
  A thrashing horror (Lair:6)
  A wizard (D:14)
  A deep elf pyromancer (D:12)
  An orc knight (Orc:2)
  A wolf spider (D:14)
  4 ugly things
  A manticore (D:13)
  Maurice (Orc:1)
  2 elephants
  An ice statue (IceCv)
  A smoke demon (Lair:6)
  Psyche (D:10)
  2 kobold demonologists (D:14)
  2 cane toads
  A rime drake (Lair:3)
  An efreet (D:15)
  2 komodo dragons
  A tengu conjurer (D:15)
  2 trolls (Orc:1)
  2 ancient zymes (Lair:6)
  A meliai (D:14)
  A blink frog (shapeshifter) (Lair:6)
  8 blink frogs
  A snapping turtle (Lair:3)
  A redback (Spider:1)
  A water elemental (D:15)
  A wraith (D:10)
  18 yaks
  A basilisk (shapeshifter) (D:13)
  3 vampire mosquitoes
  4 basilisks
  A chaos spawn (Lair:6)
  7 small abominations (Lair:6)
  An acid dragon (D:6)
  4 water moccasins
  2 black bears (Lair:2)
  13 orc warriors
  An ice beast (D:7)
  A black bear (shapeshifter) (Lair:6)
  2 ogres
  9 centaurs
  5 wolves
  6 kobold brigands
  4 bullfrogs
  3 gnoll sergeants (D:6)
  A two-headed ogre simulacrum (D:11)
  A wyvern skeleton (D:7)
  2 elephant simulacra (IceCv)
  An electric eel (Lair:3)
  3 killer bees
  4 wights
  A howler monkey (D:5)
  A bullfrog zombie (D:6)
  A gnoll shaman (D:6)
  3 orc priests
  A bullfrog skeleton (D:5)
  A centaur skeleton (D:7)
  3 hounds
  7 orc wizards
  A hell rat (Lair:6)
  2 hound zombies (D:5)
  A hound skeleton (D:5)
  A howler monkey zombie (D:5)
  7 gnolls
  A worm (D:6)
  23 orcs
  5 hobgoblins
  12 kobolds
  2 goblins
222 creatures vanquished.

Vanquished Creatures (others)
  5 tarantellas (Spider:1)
  7 redbacks (Spider:1)
  20 knights
  10 fungi
  81 plants
123 creatures vanquished.

Grand Total: 875 creatures vanquished

Notes
Turn   | Place    | Note
-------+----------+-------------------------------------------
     0 | D:1      | Lochraine the Demonspawn Fighter began the quest for the
                  | Orb.
     0 | D:1      | Reached XP level 1. HP: 18/18 MP: 1/1
   608 | D:1      | Gained mutation: You may rarely emit foul miasma when
                  | damaged in melee. [demonic ancestry]
   608 | D:1      | Reached XP level 2. HP: 24/24 MP: 2/2
   928 | D:2      | Gained mutation: A meltable shield of frost defends you.
                  | (SH +4) [demonic ancestry]
   928 | D:2      | Reached XP level 3. HP: 7/29 MP: 3/3
  1359 | D:2      | Found a faded altar of an unknown god.
  1372 | D:2      | Became a worshipper of Hepliaklqana the Forgotten
  1372 | D:2      | Reached * piety under Hepliaklqana
  1415 | D:2      | Reached XP level 4. HP: 18/31 MP: 4/4
  2424 | D:3      | Found Egouqon's Distillery.
  2424 | D:3      | Reached ** piety under Hepliaklqana
  2620 | D:3      | Found an iron altar of Okawaru.
  2620 | D:3      | Found a bloodstained altar of Trog.
  2625 | D:3      | Reached XP level 5. HP: 36/36 MP: 5/5
  2878 | D:3      | You fall into a shaft and drop 2 floors!
  2878 | D:5      | Entered Level 5 of the Dungeon
  2878 | D:5      | Found a basalt altar of Yredelemnul.
  3012 | D:5      | Remembered your ancestor Matia as a knight
  3147 | D:5      | Noticed a necrophage
  3151 | D:5      | Reached XP level 6. HP: 25/42 MP: 6/6
  3155 | D:5      | Reached skill level 5 in Shields
  3323 | D:5      | Found an opulent altar of Gozag.
  3393 | D:5      | Reached skill level 5 in Axes
  3409 | D:5      | Identified the +2 robe of Hiylubb {Fly Str+5 Dex-5 SInv}
  3633 | D:6      | Gained mutation: A meltable icy envelope protects you from
                  | harm. (AC +4) [demonic ancestry]
  3633 | D:6      | Reached XP level 7. HP: 31/46 MP: 7/7
  3948 | D:6      | Found a blossoming altar of Fedhas.
  4010 | D:6      | Reached skill level 1 in Dodging
  4370 | D:6      | Gained mutation: You are partially covered in razor-sharp
                  | scales. (AC +1, Slay +1) [demonic ancestry]
  4370 | D:6      | Reached XP level 8. HP: 30/54 MP: 8/8
  4745 | D:6      | Identified the +1 plate armour "Qiozaris" {rElec Will+
                  | Dex+2 Slay+2}
  4902 | D:6      | Reached skill level 1 in Polearms
  5006 | D:6      | Reached skill level 3 in Armour
  5038 | D:6      | Noticed Menkaure
  5045 | D:6      | Killed Menkaure
  5225 | D:6      | Reached skill level 5 in Fighting
  5415 | D:6      | Found a snail-covered altar of Cheibriados.
  5585 | D:6      | Reached skill level 4 in Armour
  5859 | D:7      | Found a stormy altar of Qazlal.
  5872 | D:7      | Reached XP level 9. HP: 53/61 MP: 9/9
  5915 | D:7      | Reached *** piety under Hepliaklqana
  6065 | D:7      | Reached skill level 5 in Armour
  6325 | D:7      | Found a burning altar of Makhleb.
  6955 | D:8      | Reached skill level 6 in Armour
  6982 | D:8      | Found a flagged portal.
  6995 | Bailey   | Entered a bailey
  7005 | Bailey   | Noticed an orc warlord
  7067 | Bailey   | Found a runed translucent gate.
  7068 | Bailey   | Found a runed translucent gate.
  7069 | Bailey   | Found a runed translucent gate.
  7130 | Bailey   | Gained mutation: You are mostly covered in razor-sharp
                  | scales. (AC +2, Slay +2) [demonic ancestry]
  7130 | Bailey   | Reached XP level 10. HP: 69/69 MP: 10/10
  7371 | Bailey   | Killed an orc warlord
  7372 | Bailey   | Reached skill level 7 in Armour
  7560 | D:8      | Reached skill level 10 in Polearms
  7560 | D:8      | Gained mutation: You have sharp toenails. [demonic
                  | ancestry]
  7560 | D:8      | Reached XP level 11. HP: 74/74 MP: 11/11
  8167 | D:9      | Noticed a two-headed ogre
  8172 | D:9      | Killed a two-headed ogre
  8253 | D:9      | Reached **** piety under Hepliaklqana
  8441 | D:10     | Entered Level 10 of the Dungeon
  8500 | D:10     | Found a shadowy altar of Dithmenos.
  8500 | D:10     | Found a shimmering blue altar of Sif Muna.
  8512 | D:10     | Reached skill level 8 in Armour
  8581 | D:10     | Noticed Psyche
  8589 | D:10     | Killed Psyche
  8602 | D:10     | Found a staircase to the Lair.
  8673 | D:10     | Noticed Grum
  8674 | D:10     | Found a sacrificial altar of Ru.
  8683 | D:10     | Killed Grum
  8864 | D:10     | Noticed Urug
  8880 | D:10     | Gained mutation: You have razor-sharp toenails. [demonic
                  | ancestry]
  8880 | D:10     | Reached XP level 12. HP: 29/82 MP: 12/12
  8883 | D:10     | Killed Urug
  9253 | D:11     | Gained mutation: You are completely covered in razor-sharp
                  | scales. (AC +3, Slay +3) [demonic ancestry]
  9253 | D:11     | Reached XP level 13. HP: 87/88 MP: 13/13
  9306 | D:11     | Reached skill level 9 in Armour
  9402 | D:11     | Found a runed translucent door.
  9438 | D:11     | Found a frozen archway.
  9464 | IceCv    | Entered an ice cave
  9642 | IceCv    | Found a transporter.
  9649 | IceCv    | Found a transporter.
 10085 | D:11     | Found a staircase to the Orcish Mines.
 10215 | Lair:1   | Entered Level 1 of the Lair of Beasts
 10279 | Lair:1   | Reached skill level 10 in Armour
 10574 | Lair:1   | Reached ***** piety under Hepliaklqana
 10673 | Lair:1   | You are sucked into a shaft and drop 1 floor!
 11439 | Lair:1   | Reached skill level 11 in Armour
 11831 | Lair:2   | Reached XP level 14. HP: 94/97 MP: 14/14
 12039 | Lair:2   | Reached skill level 10 in Shields
 12126 | Lair:2   | Found an iron altar of Okawaru.
 12226 | Lair:2   | Found a hole to the Spider Nest.
 12888 | Lair:3   | Identified the +1 robe "Uhywe" {rF+ rC+ Dex+4}
 13105 | Lair:3   | Found a staircase to the Shoals.
 13599 | Lair:4   | Reached skill level 10 in Fighting
 14041 | Lair:4   | Reached ****** piety under Hepliaklqana
 14608 | Lair:5   | Reached skill level 12 in Armour
 14608 | Lair:5   | Reached skill level 1 in Invocations
 14901 | Lair:5   | Found the +3 sling "Punk" {acid, rCorr}
 14911 | Lair:5   | Found a viscous altar of Jiyva.
 14912 | Lair:5   | Found a staircase to the Slime Pits.
 15412 | Lair:6   | Entered Level 6 of the Lair of Beasts
 16011 | Lair:6   | Reached XP level 15. HP: 98/105 MP: 18/18
 16035 | Lair:6   | Reached skill level 5 in Invocations
 16254 | Lair:6   | Found the +7 lajatang of Order {silver, rMut}
 16275 | Lair:6   | Reached skill level 13 in Armour
 16837 | Lair:6   | Killed a ghost moth
 16969 | Lair:6   | Found a corrupted altar of Lugonu.
 16969 | Lair:6   | Found a one-way gate to the infinite horrors of the Abyss.
 16977 | Lair:6   | Identified the +7 quarterstaff "Zavagg" {freeze, rN++
                  | Int-3}
 17264 | Orc:1    | Entered Level 1 of the Orcish Mines
 17298 | Orc:1    | Noticed Maurice
 17306 | Orc:1    | Killed Maurice
 17579 | Orc:2    | Entered Level 2 of the Orcish Mines
 17746 | Orc:2    | Found a staircase to the Elven Halls.
 18372 | Orc:2    | Found Ilunoanu's Book Emporium.
 18372 | Orc:2    | Found Wovouzoi's Book Boutique.
 18375 | Orc:2    | Found Louthuti's Antique Weapon Shop.
 18401 | Orc:2    | Found Ogotz's Weapon Shoppe.
 19054 | D:11     | Found a runed translucent gate.
 19072 | D:11     | Found a runed translucent gate.
 19073 | D:11     | Found a runed translucent gate.
 19073 | D:11     | Found a runed translucent gate.
 19073 | D:11     | Found a runed translucent gate.
 19074 | D:11     | Found a runed translucent gate.
 19074 | D:11     | You are sucked into a shaft and drop 1 floor!
 19256 | D:12     | Found a portal to a secret trove of treasure.
 19296 | D:12     | Found a gate leading to a gauntlet.
 19391 | D:12     | Found a shadowy altar of Dithmenos.
 19394 | D:12     | Reached skill level 14 in Armour
 19674 | D:12     | Identified the +2 leather armour of Lust {Harm rF+}
 20567 | D:13     | Found a sacrificial altar of Ru.
 20884 | D:13     | Reached XP level 16. HP: 114/114 MP: 22/22
 20971 | D:13     | Found a gate to the Vaults.
 21673 | D:14     | Found Nijit's Antique Armour Shop.
 22182 | D:15     | Entered Level 15 of the Dungeon
 22278 | D:15     | Reached skill level 10 in Invocations
 22283 | D:15     | Identified the +8 quarterstaff of Infection {flame, rC+
                  | rN++}
 22687 | D:15     | Found a staircase to the Depths.
 22775 | D:15     | Reached skill level 15 in Armour
 23018 | D:15     | Identified the +5 lajatang of the Grave {drain, Fly rF+
                  | Int+4 Dex+5}
 23409 | D:15     | Found a runed translucent gate.
 23409 | D:15     | Found a runed translucent gate.
 23409 | D:15     | Found an ancient bone altar of Kikubaaqudgha.
 23409 | D:15     | Found a runed translucent gate.
 23409 | D:15     | Noticed a lich
 23409 | D:15     | Noticed MuffinSoup's ghost (journeyman OpWz)
 23409 | D:15     | Noticed a lich
 23410 | D:15     | Noticed a lich
 23410 | D:15     | Noticed a lich
 24140 | Spider:1 | Entered Level 1 of the Spider Nest
 24434 | Spider:1 | Noticed Nikola
 24458 | Spider:1 | Killed from afar by Nikola

Illustrated notes

Levels and vault maps discovered:
D:1:      elethiomel_arrival_quiet, layout_loops_ring, minmay_crystal_water
D:2:      cheibrodos_greedy_goblins, layout_basic, basic_ecumenical_altar
D:3:      layout_loops_ring, grunt_temple_overflow_bloody_war, serial_shops,
          nicolae_shop_statue_plus, kennysheep_cross_room
D:5:      layout_rooms, mainiacjoe_overflow_brackets, lemuel_doored_altar,
          kennysheep_generic_room_12, uniq_ijyb
D:6:      kennysheep_housing_project, layout_loops_corners,
          kennysheep_little_box, cheibrodos_worm_habitat, minmay_manual_mess,
          uniq_menkaure
D:7:      layout_cave_pods, nicolae_qazlal_general_emergency,
          mainiacjoe_overflow_alcove_4
D:8:      layout_loops_ring, enter_bailey_5, kennysheep_generic_room_15
D:9:      layout_cross, nicolae_overflow_hidden_temple, moated_statue,
          statue_in_the_mist_lemuel, nrook_loot_triangle
D:10:     layout_roguey, chequers_temple_overflow_statue_of_worship,
          lemuel_tele_altar, grunt_lair_entry_orc_guard_hut, uniq_psyche,
          uniq_grum, uniq_urug
D:11:     gammafunk_indiana_jones, layout_rooms,
          kennysheep_orc_monster_closet_entryway,
          portal_ice_cave_entry_ice_simulacra, minmay_tree_intersection
D:12:     layout_loops_cross, gauntlet_entry_generic, enter_trove_1,
          roderic_serpentine_path, grunt_dithmenos_shadows
D:13:     layout_basic, grunt_vaults_entry_fortified,
          nicolae_ru_the_path_less_chosen
D:14:     layout_roguey, serial_shops, nicolae_shop_window_shopping,
          hangedman_decor_diamond_cutter, minmay_librarian
D:15:     hangedman_depths_entry_try_elsewhere_first, layout_stronghold,
          serial_bayou_shore_a, gammafunk_ghost_crypt, minmay_radiant
Lair:1:   layout_regular_city, serial_forest, infiniplex_forest_clump_double,
          infiniplex_forest_clump_long, infiniplex_forest_lined_room_3,
          infiniplex_forest_clump_small, infiniplex_forest_clump_tiny,
          infiniplex_forest_lined_room_2, lemuel_fruit_fields
Lair:2:   layout_gridlike, spider_nest_entry_rubble, basic_altar, st_stairs_13,
          serial_bayou_shore_b
Lair:3:   layout_long_grid, minmay_shoals_entry_hut
Lair:4:   layout_cellular_growth, lemuel_fruit_tree
Lair:5:   layout_gridlike, dpeg_slime_entry_enclosed_altar, patterned_corridor
Lair:6:   hellmonk_lair_end_abyssal_woods, layout_cellular_growth
Spider:1: layout_spider_delve, spiders_nest_spider_trap, uniq_nikola
Orc:1:    layout_diamond_mine, uniq_maurice
Orc:2:    st_orc_rangers, layout_caves, kennysheep_orc_chapel

Skill      XL: |  1  2  3  4  5  6  7  8  9 10 11 12 13 14 15 16 |
---------------+-------------------------------------------------+-----
Axes           | 2 3 4 5 |  5.8
Shields        | 3 4 5 6 7 8 9 10 11 | 11.0
Dodging        | 2 |  2.9
Fighting       | 4 5 6 7 9 10 12 | 12.7
Polearms       | 2 4 10 12 13 14 | 14.3
Armour         | 4 6 7 8 11 12 14 15 | 15.3
Invocations    | 4 9 10 | 10.8

Action                   |  1- 3 |  4- 6 |  7- 9 | 10-12 | 13-15 | 16-18 || total
-------------------------+-------+-------+-------+-------+-------+-------++-------
Melee: War axe           |    74 |    83 |    50 |       |       |       ||   207
       Trident           |       |       |   132 |   149 |  1437 |   404 ||  2122
       Kick              |       |       |       |    37 |    21 |       ||    58
Throw: Boomerang         |       |       |       |     2 |     2 |       ||     4
Invok: Recall Ancestor   |       |     1 |     2 |       |     5 |     1 ||     9
       Ancestor Life: Kn |       |     1 |       |       |       |       ||     1
       Idealise          |       |       |       |       |     1 |       ||     1
  Use: Potion            |     2 |       |     2 |     5 |     2 |       ||    11
       Scroll            |       |       |     6 |     2 |    17 |     4 ||    29
 Stab: Distracted        |       |       |     1 |     2 |    15 |     4 ||    22
Armor: Scale mail        |    32 |    22 |       |       |       |       ||    54
       Robe              |       |       |    15 |       |       |       ||    15
       Plate armour      |       |       |    24 |    32 |   307 |    97 ||   460
       Ice dragon scales |       |       |       |       |     4 |       ||     4
Dodge: Dodged            |    19 |    18 |    27 |    28 |   252 |    82 ||   426
Block: Kite shield       |    45 |    80 |    92 |    76 |   758 |   162 ||  1213
